 Dungeon Crawl Stone Soup version 0.14-a0-2723-gdc5d926 (webtiles) character file.

161602 CrazyArbalest the Sharpshooter (level 17, -3/124 HPs)
             Began as a Demonspawn Hunter on Feb 18, 2014.
             Was the Champion of Okawaru.
             Killed from afar by Nikola (11 damage)
             ... with a chain lightning
             ... on Level 3 of the Elven Halls on Feb 19, 2014.
             The game lasted 08:14:29 (43675 turns).

CrazyArbalest the Sharpshooter (Demonspawn Hunter) Turns: 43675, Time: 08:14:31

HP  -3/124       AC 22     Str 20      XL: 17   Next: 16%
MP  24/24        EV 28     Int 13      God: Okawaru [******]
Gold 2235        SH  0     Dex 17      Spells:  0 memorised, 16 levels left

rFire  . . .     SeeInvis .     b - +3,+6 crossbow (flame)
rCold  . . .     Clarity  .     W - +1 troll leather armour
rNeg   . . .     Conserve +     (no shield)
rPois  .         rCorr    .     L - +2 helmet
rElec  .         rRot     .     T - +1 cloak {+Inv}
SustAb . .       Spirit   .     R - +1 pair of gloves {archer}
rMut   .         Warding  .     (boots unavailable)
Saprov . . .     Stasis   .     B - amulet of conservation
MR     +....                    S - +5 ring of evasion
                                X - +4 ring of strength

@: very slightly contaminated, hasted, very quick, somewhat resistant to hostile
enchantments, stealthy
A: hooves 3, iridescent scales 3, conserve scrolls, powered by death 2
a: Heroism, Finesse, Renounce Religion, Evoke Invisibility


You were on level 3 of the Elven Halls.
You worshipped Okawaru.
Okawaru was exalted by your worship.
You were very hungry.

You visited 6 branches of the dungeon, and saw 33 of its levels.
You also visited: Ice Cave.

You collected 2953 gold pieces.
You spent 718 gold pieces at shops.

Inventory:

Hand weapons
 a - a +1,+2 flail of crushing
 b - a +3,+6 crossbow of flame (weapon)
 c - a +2,+3 orcish morningstar
 s - a +4,+4 crossbow of frost
 u - the +11,+10 great mace "Stita" {crush, +Rage +Inv Str+2}
   (You acquired it on level 2 of the Elven Halls)

   It inflicts extra damage upon your enemies.
   It affects your strength (+2).
   It lets you turn invisible.
   It lets you go berserk.
Missiles
 g - 55 bolts (quivered)
 z - 25 steel bolts
 C - 55 bolts of penetration
 I - 47 poisoned bolts
 N - 10 silver bolts
Armour
 r - a +1 ice dragon armour
 v - a +2 elven robe of cold resistance
 J - a +1 pair of gloves of dexterity
 L - a +2 helmet (worn)
 R - a +1 pair of gloves of archery (worn)
 T - a +1 cloak of darkness (worn)
 W - a +1 troll leather armour (worn)
Magical devices
 d - a wand of digging (6)
 n - a wand of slowing (13)
 p - a wand of teleportation (6)
 A - a wand of fire (8)
Comestibles
 f - 2 pears
 h - 2 bread rations
 U - 2 meat rations
 Y - an orange
Scrolls
 j - 4 scrolls of teleportation
 l - 2 scrolls of fear
 q - 6 scrolls of remove curse
 x - a scroll of recharging
 D - a scroll of immolation
 H - 2 scrolls of fog
 M - a scroll of curse weapon
 Q - 3 scrolls of blinking
Jewellery
 i - an uncursed ring of teleportation
 k - an uncursed ring of positive energy
 t - an uncursed ring of ice
 B - an amulet of conservation (around neck)
 K - an uncursed amulet of resist mutation
 P - an uncursed ring of see invisible
 S - a +5 ring of evasion (right hand)
 X - a +4 ring of strength (left hand)
 Z - an uncursed ring of ice
Potions
 e - 3 potions of speed
 o - 8 potions of curing
 w - a potion of restore abilities
 E - a potion of degeneration {unknown}
 F - 2 potions of agility
 G - a potion of beneficial mutation {unknown}
 O - a potion of mutation {unknown}
 V - 2 potions of berserk rage
Miscellaneous
 y - a lantern of shadows


   Skills:
 + Level 8.7 Fighting
   Level 0.1 Short Blades
 + Level 10.1 Maces & Flails
 + Level 18.2 Crossbows
 + Level 6.5 Armour
 + Level 15.3 Dodging
 + Level 5.8 Stealth
 + Level 4.5 Invocations
 + Level 1.6 Evocations


You had 16 spell levels left.
You didn't know any spells.

Dungeon Overview and Level Annotations

Branches:
Dungeon (16/16)            Temple (1/1) D:5             Orc (4/4) D:12
    Elf (3/3) Orc:4          Lair (8/8) D:9          Shoals (0/5) Lair:5
 Spider (1/5) Lair:4        Slime (0/6) Lair:7       Vaults (0/5) D:14
 Depths (0/6) D:16

Altars:
Ashenzari
Cheibriados
Dithmenos
Elyvilon
Fedhas
Kikubaaqudgha
Makhleb
Nemelex Xobeh
Okawaru
Sif Muna
Trog
Vehumet
Xom
Yredelemnul
Zin
The Shining One
Beogh

Shops:
Orc:2 /   Orc:4 [*(=   Elf:2 (

Annotations:
Elf:2 exclusion: Roxanne, Roxanne
Elf:3 Nikola
Lair:6 exclusion: oklob plant


Innate Abilities, Weirdness & Mutations

You have hooves in place of feet.
You are completely covered in iridescent scales (AC +8).
You are very good at protecting items from fire.
You can steal the life force of defeated enemies.


Message History

You feel much better.
The deep elf high priest invokes the aid of its god against you.
Something smites you!
* * * LOW HITPOINT WARNING * * *
Nikola hits you but does no damage.
You are electrocuted!
* * * LOW HITPOINT WARNING * * *
Unknown command.
Unknown command.
Unknown command.
Drink which item? (? for menu, Esc to quit)
You feel yourself speed up.
You are very lightly contaminated with residual magic.
Drink which item? (? for menu, Esc to quit)
You feel better.
Nikola mumbles some strange words.
You hear a mighty clap of thunder!
The lightning arc hits you!
* * * LOW HITPOINT WARNING * * *
The lightning arc hits Nikola.
The lightning arc hits you!
You die...

* *** ##### # , **
##...## ## ,, **
##.....## #######. ,,,,
* #.......## #.....'.
,,, ,**
**#........######.....'.
,,,,,*
*,+.........'......####.
⌠,, ,,**
**#.........'......# #.
,,,,,,,*
##...@...#######.# #.
,,,,,,,*****##.@...##
###+####.
,,,,,,,,**,..?(.####
##......#(
,,,,,,,*#.e?...*
#......... ,,,,
,,,*#)((..#* #.........
,,,,,,,, ,.)).#*
#........#
,,,,,,****,..#*
#........# ,,,,,,* *,,#*
#........' ,,,, ** ****
#######.......#


You could see Nikola and a deep elf high priest.

Vanquished Creatures
  Saint Roka (Elf:2)
  Asterion (D:15)
  Rupert (Lair:5)
  Frances (D:15)
  A spectral weapon (D:15)
  Maud (Elf:1)
  2 orc warlords
  Azrael (Elf:2)
  A deep elf annihilator (Elf:2)
  Snorg (Lair:5)
  A fire dragon (D:16)
  7 hydras
  Fannar (Elf:2)
  A great orb of eyes (D:16)
  Harold (D:11)
  Josephine (D:15)
  2 ice dragons
  2 dancing weapons (D:14)
  A deep troll shaman (Lair:8)
  2 ogre magi
  4 centaur warriors
  18 death yaks
  5 orc high priests
  Urug (D:16)
  A catoblepas (Lair:8)
  Nergalle (Lair:2)
  8 deep elf knights
  6 unseen horrors
  5 skeletal warriors (D:16)
  7 deep elf summoners
  9 orc knights
  7 hill giants
  2 ice statues (IceCv)
  An orb spider (Lair:4)
  Pikel (D:8)
  A wolf spider zombie (D:16)
  15 deep elf conjurers
  3 giant amoebae
  A wolf spider (Lair:4)
  7 orc sorcerers
  A necromancer (IceCv)
  A griffon (D:13)
  8 cyclopes
  2 manticores (D:14)
  9 black mambas
  An octopode (D:13)
  2 spiny frogs (shapeshifter)
  17 elephants (Lair:8)
  A queen ant (Lair:3)
  2 feature mimics
  5 yaktaurs (D:16)
  9 spiny frogs
  2 centaur zombies
  7 deep elf priests
  A fire drake (Lair:7)
  9 komodo dragons
  6 blue devils (IceCv)
  2 hydra zombies
  6 trolls
  A jumping spider (Lair:4)
  A spriggan (D:7)
  19 slime creatures
  A queen bee (Lair:7)
  2 two-headed ogres
  2 fire dragon zombies (D:15)
  2 ravens (Lair:6)
  A boulder beetle (Lair:7)
  A fire vortex (D:12)
  19 blink frogs
  2 brown oozes (Lair:7)
  2 fire elementals (Elf:2)
  A shadow (D:16)
  A griffon skeleton (D:15)
  2 trapdoor spiders
  A wraith (D:10)
  2 wandering mushrooms (D:9)
  6 basilisks
  7 deep elf magi
  12 ugly things
  2 redbacks (Lair:7)
  A hill giant zombie (D:12)
  2 elephant slugs
  12 sharks
  9 hippogriffs
  Eustachio (Orc:2)
  2 water elementals (D:13)
  Grum (D:9)
  16 yaks
  2 necrophages (D:11)
  11 deep elf fighters
  14 vampire mosquitoes
  3 hungry ghosts
  7 mottled dragons
  2 wyverns
  An agate snail zombie (D:15)
  6 soldier ants
  Edmund (Orc:1)
  2 hell hounds (Elf:2)
  17 wolves
  6 ice beasts
  11 porcupines
  A deep troll skeleton (D:15)
  3 phantoms
  6 giant goldfish
  5 sky beasts
  A black bear (Lair:8)
  16 centaurs
  A boring beetle (shapeshifter) (Elf:2)
  58 orc warriors
  18 ogres
  8 crocodiles
  A lava worm (D:12)
  5 big kobolds
  A boring beetle (Lair:8)
  3 giant slugs
  Blork the orc (D:9)
  5 wargs
  12 water moccasins
  A cyclops zombie (D:11)
  10 agate snails
  22 giant frogs
  2 gnoll sergeants
  2 cyclops skeletons
  A hippogriff zombie (D:14)
  5 electric eels
  37 killer bees
  3 quasits
  12 crimson imps
  2 gnoll shamans
  2 draconian simulacra (IceCv)
  A basilisk zombie (D:15)
  5 lava snakes (D:12)
  8 big fish
  5 goliath beetles
  35 orc priests
  2 elf zombies (D:15)
  2 jellies
  18 hounds
  4 iguanas
  49 orc wizards
  15 worker ants
  A shapeshifter simulacrum (D:15)
  2 troll simulacra (IceCv)
  2 scorpions
  8 sheep
  A centaur simulacrum (IceCv)
  A mottled dragon skeleton (D:15)
  Ijyb (D:2)
  An ogre skeleton (D:5)
  A hound skeleton (D:9)
  A mummy (D:12)
  2 ogre simulacra
  40 green rats
  14 gnolls
  6 orc zombies
  2 giant centipedes
  An inept feature mimic (D:11)
  4 naga simulacra (IceCv)
  27 adders
  A shadow imp (D:10)
  15 white imps
  2 giant mites
  6 worms
  A scorpion zombie (D:8)
  2 adder zombies
  An iguana skeleton (D:6)
  9 giant geckos
  250 orcs
  A bat skeleton (D:5)
  A bat zombie (D:6)
  5 giant cockroaches
  21 goblins
  17 hobgoblins
  A ball python (D:3)
  29 bats
  5 giant newts
  4 giant spores
  A hobgoblin skeleton (D:6)
  34 jackals
  A jackal skeleton (D:5)
  35 kobolds
  2 kobold skeletons
  An orc skeleton (D:6)
  12 quokkas
  26 rats
  A rat skeleton (D:8)
  28 ballistomycetes
  9 fungi
  2 plants
1464 creatures vanquished.

Vanquished Creatures (others)
  2 deep elf knights (Elf:3)
  A deep elf conjurer (Elf:3)
  2 deep elf magi (Elf:3)
  An ice beast (Elf:3)
  A hobgoblin (D:8)
  A giant spore (D:7)
  21 fungi
  14 plants
43 creatures vanquished.

Grand Total: 1507 creatures vanquished

Notes
Turn   | Place    | Note
--------------------------------------------------------------
     0 | D:1      | CrazyArbalest, the Demonspawn Hunter, began the quest for the Orb.
     0 | D:1      | Reached XP level 1. HP: 15/15 MP: 1/1
   344 | D:1      | Gained mutation: You can steal the life force of nearby defeated enemies. [demonic ancestry]
   344 | D:1      | Reached XP level 2. HP: 19/21 MP: 2/2
   353 | D:1      | Reached skill level 4 in Crossbows
   843 | D:2      | Reached skill level 1 in Stealth
   843 | D:2      | Gained mutation: You have large cloven feet. [demonic ancestry]
   843 | D:2      | Reached XP level 3. HP: 26/26 MP: 3/3
  1024 | D:2      | Reached skill level 1 in Armour
  1234 | D:2      | Noticed Ijyb
  1266 | D:2      | Killed Ijyb
  1266 | D:2      | Reached XP level 4. HP: 23/32 MP: 4/4
  2131 | D:3      | Reached skill level 1 in Maces & Flails
  2425 | D:3      | Reached XP level 5. HP: 38/38 MP: 5/5
  3074 | D:4      | Gained mutation: You have hoof-like feet. [demonic ancestry]
  3074 | D:4      | Reached XP level 6. HP: 40/46 MP: 6/6
  3464 | D:4      | Noticed an ogre
  3794 | D:5      | Entered Level 5 of the Dungeon
  3895 | D:5      | Reached skill level 5 in Crossbows
  4065 | D:5      | Reached XP level 7. HP: 25/51 MP: 7/7
  4228 | D:5      | Found a staircase to the Ecumenical Temple.
  4239 | Temple   | Entered the Ecumenical Temple
  4259 | Temple   | Became a worshipper of Warmaster Okawaru
  4964 | D:6      | Acquired Okawaru's first power
  5281 | D:6      | Reached skill level 6 in Crossbows
  5499 | D:6      | Gained mutation: You are partially covered in iridescent scales (AC +4). [demonic ancestry]
  5499 | D:6      | Reached XP level 8. HP: 50/58 MP: 8/8
  6119 | D:6      | Reached skill level 7 in Crossbows
  6326 | D:7      | Reached skill level 5 in Dodging
  6730 | D:7      | Found a deep blue altar of Sif Muna.
  6747 | D:7      | Found a shimmering altar of Xom.
  6754 | D:7      | Found a shattered altar of Ashenzari.
  6761 | D:7      | Found a glowing golden altar of the Shining One.
  6794 | D:7      | Reached skill level 1 in Evocations
  6906 | D:7      | Noticed a spriggan baker
  6911 | D:7      | Killed a spriggan baker
  6911 | D:7      | Gained mutation: You have hooves in place of feet. [demonic ancestry]
  6911 | D:7      | Reached XP level 9. HP: 33/64 MP: 7/10
  8376 | D:3      | Upgraded the game from 0.14-a0-2691-g997c442 to 0.14-a0-2721-g4592d88
  8460 | D:7      | Reached skill level 8 in Crossbows
  9535 | D:8      | Noticed Pikel
  9548 | D:8      | Killed Pikel
  9548 | D:8      | Reached skill level 1 in Invocations
  9594 | D:8      | Gained mutation: You are mostly covered in iridescent scales (AC +6). [demonic ancestry]
  9594 | D:8      | Reached XP level 10. HP: 43/72 MP: 12/12
 10165 | D:9      | Noticed Blork the orc
 10170 | D:9      | Killed Blork the orc
 10277 | D:9      | Noticed Grum
 10301 | D:9      | Killed Grum
 10324 | D:9      | Got an encrusted short sword
 10326 | D:9      | Identified the +5,+0 short sword of Contradiction {freeze, rElec rC- Int+3 SInv} (You took it off Grum on level 9 of the Dungeon)
 10516 | D:9      | Found a staircase to the Lair.
 10555 | D:9      | Reached skill level 9 in Crossbows
 10880 | Lair:1   | Entered Level 1 of the Lair of Beasts
 11156 | Lair:1   | Reached skill level 5 in Maces & Flails
 11355 | Lair:1   | Received a gift from Okawaru
 11705 | Lair:1   | Reached skill level 5 in Fighting
 11917 | Lair:1   | Identified a scroll of acquirement
 12068 | Lair:1   | Received a gift from Okawaru
 12152 | Lair:1   | Reached XP level 11. HP: 51/79 MP: 14/14
 12330 | Lair:1   | Received a gift from Okawaru
 12613 | Lair:2   | Noticed Nergalle
 12712 | Lair:2   | Got a warped robe
 12770 | Lair:2   | Identified the +0 robe of the Turtle {+Inv} (You found it on level 2 of the Lair of Beasts)
 13007 | Lair:2   | Received a gift from Okawaru
 13036 | Lair:2   | Acquired Okawaru's second power
 13183 | Lair:2   | Killed Nergalle
 13183 | Lair:2   | Reached skill level 10 in Crossbows
 13646 | Lair:3   | Noticed a seven-headed hydra
 14114 | Lair:3   | Killed a seven-headed hydra
 14346 | Lair:3   | Reached skill level 10 in Dodging
 14471 | Lair:3   | Received a gift from Okawaru
 16307 | Lair:4   | Gained mutation: You are completely covered in iridescent scales (AC +8). [demonic ancestry]
 16307 | Lair:4   | Reached XP level 12. HP: 86/88 MP: 17/17
 16321 | Lair:4   | Received a gift from Okawaru
 16484 | Lair:4   | Found a hole to the Spider Nest.
 16484 | Lair:4   | Noticed an orb spider
 16494 | Lair:4   | Killed an orb spider
 16542 | Lair:4   | Received a gift from Okawaru
 17125 | Lair:3   | Upgraded the game from 0.14-a0-2721-g4592d88 to 0.14-a0-2723-gdc5d926
 17292 | Lair:5   | Reached skill level 11 in Crossbows
 17454 | Lair:5   | Noticed Rupert
 17582 | Lair:5   | Killed Rupert
 17917 | Lair:5   | Noticed Snorg
 17991 | Lair:5   | Killed Snorg
 18183 | Lair:5   | Found a staircase to the Shoals.
 18206 | Lair:5   | Received a gift from Okawaru
 18782 | Lair:6   | Received a gift from Okawaru
 18901 | Lair:6   | Found a frozen archway.
 18957 | IceCv    | Entered an ice cave
 19417 | IceCv    | Gained mutation: You are very good at protecting items from fire. [demonic ancestry]
 19417 | IceCv    | Reached XP level 13. HP: 95/95 MP: 13/20
 19531 | IceCv    | Received a gift from Okawaru
 19531 | IceCv    | Reached skill level 12 in Crossbows
 20316 | Lair:6   | Received a gift from Okawaru
 20383 | Lair:6   | Received a gift from Okawaru
 20391 | Lair:6   | Got a polished cutlass {god gift}
 20392 | Lair:6   | Identified the +13,+4 cutlass of the Scroll {slice, rElec Str+3} (Okawaru gifted it to you on level 6 of the Lair of Beasts)
 21153 | Lair:7   | Found a staircase to the Slime Pits.
 22228 | Lair:8   | Entered Level 8 of the Lair of Beasts
 22338 | Lair:7   | Received a gift from Okawaru
 22338 | Lair:7   | Reached skill level 5 in Stealth
 22545 | Lair:8   | Reached skill level 13 in Crossbows
 22738 | Lair:8   | Got a pitted cloak
 22742 | Lair:8   | Identified the cursed -1 cloak of Naidwid {rC+ Acc-2} (You found it on level 8 of the Lair of Beasts)
 23254 | Lair:8   | Received a gift from Okawaru
 23380 | Lair:8   | Received a gift from Okawaru
 23450 | Lair:8   | Gained mutation: You can steal the life force of defeated enemies. [demonic ancestry]
 23450 | Lair:8   | Reached XP level 14. HP: 92/103 MP: 21/21
 23902 | Lair:8   | Reached skill level 14 in Crossbows
 24449 | Lair:8   | Received a gift from Okawaru
 24482 | Lair:8   | Received a gift from Okawaru
 24483 | Lair:8   | Got a bone great mace {god gift}
 26038 | D:10     | Entered Level 10 of the Dungeon
 26082 | D:10     | Found a shadowy altar of Dithmenos.
 26127 | D:10     | Received a gift from Okawaru
 26133 | D:10     | Got a slimy dire flail {god gift}
 26134 | D:10     | Identified the -1,-1 dire flail of Objectivity {crush, *Rage Int+2} (Okawaru gifted it to you on level 10 of the Dungeon)
 26546 | D:10     | Reached skill level 15 in Crossbows
 27497 | D:11     | Found a staircase to the Orcish Mines.
 27502 | D:11     | the staircase to the Orcish Mines was a mimic.
 27604 | D:11     | Noticed Harold
 27620 | D:11     | Killed Harold
 28053 | D:11     | Found a roughly hewn altar of Beogh.
 28441 | D:12     | Received a gift from Okawaru
 28824 | D:12     | Found a staircase to the Orcish Mines.
 29209 | Orc:1    | Entered Level 1 of the Orcish Mines
 29447 | Orc:2    | Found a shimmering altar of Xom.
 29517 | Orc:2    | Noticed Eustachio
 29524 | Orc:2    | Killed Eustachio
 30102 | Orc:1    | Noticed Edmund
 30118 | Orc:1    | Killed Edmund
 30457 | Orc:2    | Found Xyafi's Magical Wand Boutique.
 30683 | Orc:3    | Received a gift from Okawaru
 30683 | Orc:3    | Reached XP level 15. HP: 110/110 MP: 22/22
 31415 | Orc:2    | Bought a wand of teleportation (6) for 450 gold pieces
 31907 | Orc:4    | Entered Level 4 of the Orcish Mines
 32351 | Orc:4    | Found a staircase to the Elven Halls.
 32705 | Orc:4    | Reached skill level 5 in Armour
 32798 | Orc:4    | Paralysed by an orc sorcerer for 3 turns
 33184 | Orc:4    | Found Ilixuss' General Store.
 33185 | Orc:4    | Found Esump's Jewellery Emporium.
 33187 | Orc:4    | Found Prul's Antique Armour Shoppe.
 33187 | Orc:4    | Found Smawkaf's Antique Weapon Shoppe.
 33333 | Orc:4    | Bought a runed crossbow for 114 gold pieces
 33333 | Orc:4    | Bought a glowing crossbow for 114 gold pieces
 33340 | Orc:4    | Bought an elven cloak for 40 gold pieces
 35868 | D:14     | Received a gift from Okawaru
 35943 | D:14     | Found a gate to the Vaults.
 35962 | D:14     | Reached skill level 16 in Crossbows
 36912 | D:15     | Entered Level 15 of the Dungeon
 37150 | D:15     | Noticed Frances
 37165 | D:15     | Killed Frances
 37265 | D:15     | Noticed Josephine
 37271 | D:15     | Noticed Asterion
 37273 | D:15     | Noticed a spectral weapon
 37275 | D:15     | Killed a spectral weapon
 37276 | D:15     | Killed Josephine
 37279 | D:15     | Noticed a spectral weapon
 37284 | D:15     | Killed Asterion
 37284 | D:15     | Received a gift from Okawaru
 37292 | D:15     | Reached XP level 16. HP: 118/118 MP: 23/23
 38081 | D:15     | Found a roughly hewn altar of Beogh.
 38762 | D:16     | Entered Level 16 of the Dungeon
 39334 | D:16     | Paralysed by a great orb of eyes for 2 turns
 39341 | D:16     | Reached skill level 17 in Crossbows
 39411 | D:16     | Found a staircase to the Depths.
 39485 | D:16     | Received a gift from Okawaru
 39665 | D:16     | Got a faintly glowing dagger
 39666 | D:16     | Identified the +11,+7 dagger "Killer Klown's Curse" {freeze, rF+} (You found it on level 16 of the Dungeon)
 39869 | D:16     | Noticed Urug
 39879 | D:16     | Killed Urug
 40900 | Spider:1 | Entered Level 1 of the Spider Nest
 41299 | Elf:1    | Entered Level 1 of the Elven Halls
 41371 | Elf:1    | Reached skill level 15 in Dodging
 41491 | Elf:1    | Noticed Maud
 41505 | Elf:1    | Killed Maud
 41721 | Elf:1    | Reached skill level 10 in Maces & Flails
 41746 | Elf:1    | Received a gift from Okawaru
 41928 | Elf:1    | Received a gift from Okawaru
 42268 | Elf:2    | Found Schillecs' Weapon Shop.
 42348 | Elf:2    | Noticed Saint Roka
 42380 | Elf:2    | Killed Saint Roka
 42575 | Elf:2    | Reached XP level 17. HP: 124/124 MP: 24/24
 42619 | Elf:2    | Noticed Fannar
 42633 | Elf:2    | Killed Fannar
 42633 | Elf:2    | Reached skill level 18 in Crossbows
 42693 | Elf:2    | Noticed Roxanne
 43017 | Elf:2    | Noticed Azrael
 43023 | Elf:2    | Killed Azrael
 43447 | Elf:2    | Got a jewelled great mace
 43448 | Elf:2    | Identified the +11,+10 great mace "Stita" {crush, +Rage +Inv Str+2} (You acquired it on level 2 of the Elven Halls)
 43452 | Elf:3    | Entered Level 3 of the Elven Halls
 43663 | Elf:3    | Noticed Nikola
 43675 | Elf:3    | Killed from afar by Nikola

Action                   |  1- 3 |  4- 6 |  7- 9 | 10-12 | 13-15 | 16-18 || total
-------------------------+-------+-------+-------+-------+-------+-------++-------
Melee: Short sword       |    61 |       |       |       |       |       ||    61
       Mace              |    68 |   139 |    76 |       |       |       ||   283
       Flail             |       |     2 |   219 |   758 |  1281 |   275 ||  2535
       Cutlass           |       |       |    80 |       |   100 |    15 ||   195
       Morningstar       |       |       |       |       |    20 |       ||    20
       Crossbow          |       |       |       |       |     2 |     2 ||     4
       Dagger            |       |       |       |       |     8 |       ||     8
       Great mace        |       |       |       |       |       |     1 ||     1
 Fire: Crossbow          |     5 |    91 |   156 |   410 |  1131 |   509 ||  2302
Invok: Heroism           |       |       |     2 |    18 |     9 |     2 ||    31
       Finesse           |       |       |       |     2 |       |       ||     2
Evoke: Wand              |       |     1 |     3 |    10 |     7 |     1 ||    22
  Use: Potion            |     1 |       |     1 |     5 |     4 |     5 ||    16
       Scroll            |       |       |    10 |    24 |    16 |    10 ||    60
 Stab: Sleeping          |       |       |       |     5 |     8 |     3 ||    16
